[Event "Titled Tuesday Blitz November 07 Late 2023"]
[White "Gubajdullin, Alexei"]
[Black "Zeltsan, Joseph"]
[WhiteFideId "4141202"]
[BlackFideId "30932980"]
[WhiteElo "2664"]
[BlackElo "2697"]
[Result "0-1"]
[Round "10"]
[TimeControl "180+1"]
[Date "2023.11.07"]
[WhiteClock "0:00:00"]
[BlackClock "0:00:18"]
[Board "27"]

1. d4 Nf6 2. Nf3 d5 3. Bf4 c5 4. e3 Nc6 5. Nbd2 Bg4 6. c3 e6 7. Bb5 Nd7 8. Qa4 Qc8 9. Ne5 Ncxe5 10. dxe5 a6 11. Bxd7+ Qxd7 12. Qxd7+ Kxd7 13. e4 Be7 14. h4 Bh5 15. f3 h6 16. O-O-O Kc6 17. c4 Rad8 18. g4 Bg6 19. h5 Bh7 20. Rhe1 dxc4 21. Nxc4 b5 22. Ne3 c4 23. Rg1 Bc5 24. g5 hxg5 25. Rxg5 Rxd1+ 26. Kxd1 f6 27. Rxg7 fxe5 28. Bg5 Bd4 29. Kc2 Bxe4+ 30. fxe4 Rxh5 31. Ng4 b4 32. Bf6 a5 33. Re7 Kd6 34. Rb7 Rh4 35. Rg7 Rh3 36. Be7+ Kc6 37. a3 b3+ 38. Kc1 Rh1+ 39. Kd2 Bxb2 40. Bd8 c3+ 41. Ke2 c2 42. Rc7+ Kb5 43. Nxe5 Bxe5 44. Rb7+ Ka4 45. Be7 c1=Q 0-1


[Site "https://www.chess.com"]

[Event "Titled Tuesday Blitz November 07 Late 2023"]
[White "Rozman, Levy"]
[Black "Prithu Gupta"]
[WhiteFideId "2039877"]
[BlackFideId "46618546"]
[WhiteElo "2684"]
[BlackElo "2426"]
[Result "1-0"]
[Round "10"]
[TimeControl "180+1"]
[Date "2023.11.07"]
[WhiteClock "0:00:25"]
[BlackClock "0:00:00"]
[Board "28"]

1. e4 e5 2. Nc3 Nc6 3. Bc4 Nf6 4. d3 Bb4 5. Ne2 O-O 6. O-O d6 7. Bg5 h6 8. Bxf6 Qxf6 9. Nd5 Qd8 10. c3 Ba5 11. b4 Bb6 12. a4 a5 13. Nxb6 cxb6 14. Qb3 axb4 15. cxb4 Qe7 16. f4 Be6 17. f5 Bxc4 18. Qxc4 Rfc8 19. Qb5 d5 20. Rab1 dxe4 21. dxe4 Nd4 22. Nxd4 exd4 23. e5 Qe8 24. Qxb6 Rxa4 25. Qxd4 Ra2 26. Rb2 Rc2 27. Rxa2 Rxa2 28. Rf2 Qa4 29. h3 Rxf2 30. Kxf2 Qc2+ 31. Ke3 Qxg2 32. Qe4 Qxh3+ 33. Kd4 Qf1 34. e6 Qd1+ 35. Kc5 fxe6 36. fxe6 Qc1+ 37. Kd6 Qd2+ 38. Kc7 Qc3+ 39. Kxb7 Qe1 40. Qxe1 1-0


[Site "https://www.chess.com"]

[Event "Titled Tuesday Blitz November 07 Late 2023"]
[White "Troff, Kayden"]
[Black "Osmak, Yuliia"]
[WhiteFideId "2047896"]
[BlackFideId "14101602"]
[WhiteElo "2786"]
[BlackElo "2524"]
[Result "1-0"]
[Round "10"]
[TimeControl "180+1"]
[Date "2023.11.07"]
[WhiteClock "0:01:01"]
[BlackClock "0:00:27"]
[Board "29"]

1. d4 Nf6 2. c4 e6 3. Nf3 c5 4. d5 d6 5. Nc3 exd5 6. cxd5 g6 7. Bf4 a6 8. a4 Bg7 9. h3 O-O 10. e3 Qe7 11. Bd3 Nbd7 12. O-O Nh5 13. Bh2 Ne5 14. Be2 Nxf3+ 15. Bxf3 Nf6 16. a5 Bf5 17. e4 Nxe4 18. Bxe4 Bxe4 19. Re1 f5 20. f3 Bd4+ 21. Kh1 Rae8 22. fxe4 Qh4 23. exf5 Bf2 24. Rxe8 Rxe8 25. Qg4 Qe7 26. fxg6 Qe1+ 27. Rxe1 Rxe1+ 28. Bg1 Bxg1 29. gxh7+ Kxh7 30. Qh4+ Kg6 31. Qxe1 1-0


[Site "https://www.chess.com"]

[Event "Titled Tuesday Blitz November 07 Late 2023"]
[White "Leitao, Rafael"]
[Black "Kovacsy, Barnabas"]
[WhiteFideId "2101246"]
[BlackFideId "769290"]
[WhiteElo "2780"]
[BlackElo "2513"]
[Result "0-1"]
[Round "10"]
[TimeControl "180+1"]
[Date "2023.11.07"]
[WhiteClock "0:00:03"]
[BlackClock "0:00:30"]
[Board "30"]

1. c4 Nf6 2. Nc3 d5 3. cxd5 Nxd5 4. g3 g6 5. Bg2 Nxc3 6. bxc3 Bg7 7. Nf3 O-O 8. O-O c5 9. Rb1 Nc6 10. Qc2 b6 11. d4 cxd4 12. Nxd4 Nxd4 13. cxd4 Bf5 14. e4 Bd7 15. d5 Qc8 16. Qxc8 Raxc8 17. Ba3 Rfe8 18. Rfc1 e6 19. h4 Rxc1+ 20. Rxc1 Rc8 21. Rd1 exd5 22. exd5 Rc2 23. Be7 Rxa2 24. d6 Ra1 25. Rxa1 Bxa1 26. Kf1 a5 27. Ke2 Bd4 28. Bd5 Kg7 29. Kd3 Bf6 30. Bxf6+ Kxf6 31. Kd4 a4 32. f4 h6 33. Kc3 g5 34. hxg5+ hxg5 35. Kb4 gxf4 36. gxf4 Kf5 37. Bxf7 Kxf4 38. Bc4 Ke5 39. Bb5 Bxb5 40. Kxb5 Kxd6 41. Kxa4 Kc5 0-1


[Site "https://www.chess.com"]

[Event "Titled Tuesday Blitz November 07 Late 2023"]
[White "Perske, Thore"]
[Black "Remolar Gallen, Jose"]
[WhiteFideId "12902195"]
[BlackFideId "2215187"]
[WhiteElo "2653"]
[BlackElo "2535"]
[Result "1-0"]
[Round "10"]
[TimeControl "180+1"]
[Date "2023.11.07"]
[WhiteClock "0:02:26"]
[BlackClock "0:00:00"]
[Board "31"]

1. e4 c5 2. Nf3 d6 3. g3 Nf6 4. d3 g6 5. Bg2 Bg7 6. h3 O-O 7. O-O Nc6 8. Nc3 Rb8 9. a4 a6 10. Be3 Bd7 11. Qd2 Re8 12. Bh6 Bh8 13. Ng5 b5 14. axb5 axb5 15. f4 b4 16. Nd1 Nd4 17. Ne3 Bg7 18. Bxg7 Kxg7 19. g4 h6 20. Nf3 Nxf3+ 21. Bxf3 Bc6 22. e5 d5 23. exf6+ exf6 24. Ng2 Qd6 25. Rae1 Ra8 26. Rxe8 Bxe8 27. d4 c4 28. c3 b3 29. Rf2 Bc6 30. f5 Ra2 31. Qf4 Qd7 32. Re2 Ra1+ 33. Kf2 g5 34. Qg3 Rc1 35. h4 Rc2 36. Ne3 Rxe2+ 37. Kxe2 Qa7 38. hxg5 hxg5 39. Qd6 Qa2 40. Nd1 Be8 41. Qxd5 Qb1 42. Qe4 Qc1 43. Qxe8 Qc2+ 44. Ke1 1-0


[Site "https://www.chess.com"]

[Event "Titled Tuesday Blitz November 07 Late 2023"]
[White "Roebers, Eline"]
[Black "Silva Lucena, Cristian"]
[WhiteFideId "1058401"]
[BlackFideId "2232588"]
[WhiteElo "2648"]
[BlackElo "2521"]
[Result "0-1"]
[Round "10"]
[TimeControl "180+1"]
[Date "2023.11.07"]
[WhiteClock "0:02:05"]
[BlackClock "0:02:26"]
[Board "32"]

1. e4 e5 2. Nf3 Nf6 3. Nc3 Nc6 4. a3 d6 5. d4 Bg4 6. d5 Nd4 7. Be3 Nxf3+ 8. gxf3 Bd7 9. f4 exf4 10. Bxf4 Qe7 11. Qd3 Ng4 12. Bg3 Ne5 13. Qd4 Nf3+ 0-1


[Site "https://www.chess.com"]

[Event "Titled Tuesday Blitz November 07 Late 2023"]
[White "FuenfgegenWilly"]
[Black "Lamard, Guillaume"]
[BlackFideId "600261"]
[WhiteElo "2458"]
[BlackElo "2641"]
[Result "1-0"]
[Round "10"]
[TimeControl "180+1"]
[Date "2023.11.07"]
[WhiteClock "0:01:28"]
[BlackClock "0:00:37"]
[Board "33"]

1. e4 c5 2. Nc3 Nc6 3. f4 g6 4. Nf3 Bg7 5. Bb5 e6 6. Bxc6 Ne7 7. Bb5 a6 8. Be2 O-O 9. d3 b5 10. Be3 Bb7 11. Bxc5 d6 12. Be3 b4 13. Na4 d5 14. e5 Nf5 15. Bf2 d4 16. Nc5 Bc6 17. Ne4 Rc8 18. O-O a5 19. g4 Ne7 20. Nxd4 Bb7 21. Nb5 Nd5 22. Nbd6 Nxf4 23. Nxb7 Qd5 24. Nbd6 Rcd8 25. Bg3 Qd4+ 26. Kh1 Nd5 27. c3 bxc3 28. bxc3 Qe3 29. Rf3 Qb6 30. Rb1 Qc6 31. c4 Nb4 32. a3 Na6 33. Qf1 Rd7 34. Kg1 Nc5 35. Nxc5 Qxc5+ 36. Qf2 Qxa3 37. d4 Qa2 38. Rd1 Qc2 39. Rf1 Qb2 40. Bd3 Qc3 41. Bxg6 Qb4 42. Bxf7+ Kh8 43. Bxe6 Rdd8 44. Rxf8+ Rxf8 45. Qxf8+ Bxf8 46. Rxf8+ Kg7 47. Rg8+ Kh6 48. Bf4# 1-0


[Site "https://www.chess.com"]

[Event "Titled Tuesday Blitz November 07 Late 2023"]
[White "Adla, Diego"]
[Black "Kujawski, Adam"]
[WhiteFideId "100072"]
[BlackFideId "1100920"]
[WhiteElo "2633"]
[BlackElo "2405"]
[Result "1-0"]
[Round "10"]
[TimeControl "180+1"]
[Date "2023.11.07"]
[WhiteClock "0:01:36"]
[BlackClock "0:00:00"]
[Board "34"]

1. e4 e5 2. Nf3 Nc6 3. Bb5 a6 4. Ba4 Nf6 5. O-O Be7 6. Re1 b5 7. Bb3 d6 8. d3 Na5 9. Nbd2 O-O 10. Nf1 Nxb3 11. axb3 Ne8 12. d4 exd4 13. Nxd4 Bb7 14. Ng3 g6 15. Bh6 Ng7 16. Qd2 Bf6 17. c3 Re8 18. Rad1 Ne6 19. Nf3 Bg7 20. Bxg7 Kxg7 21. h3 Qf6 22. Nh2 Qf4 23. Qd3 Nc5 24. Qd4+ Qe5 25. Qxe5+ Rxe5 26. f3 Nxb3 27. Ng4 Re7 28. Ne3 Nc5 29. b4 Ne6 30. Nd5 Ree8 31. Ne2 Bxd5 32. exd5 Nf8 33. Nd4 1-0


[Site "https://www.chess.com"]

[Event "Titled Tuesday Blitz November 07 Late 2023"]
[White "aghasiyevkamal"]
[Black "Harish, Neeraj"]
[BlackFideId "30958130"]
[WhiteElo "2615"]
[BlackElo "2330"]
[Result "0-1"]
[Round "10"]
[TimeControl "180+1"]
[Date "2023.11.07"]
[WhiteClock "0:00:02"]
[BlackClock "0:00:06"]
[Board "35"]

1. e4 c5 2. Nf3 Nc6 3. Bb5 g6 4. O-O Bg7 5. Re1 e5 6. Bxc6 dxc6 7. a4 a5 8. Na3 Qe7 9. Nc4 Bg4 10. h3 Bxf3 11. Qxf3 Nf6 12. d3 Nd7 13. Bd2 b6 14. Qg3 O-O 15. Bc3 Rae8 16. Ra3 Kh8 17. Rb3 Qd8 18. f4 exf4 19. Bxg7+ Kxg7 20. Qxf4 f5 21. e5 Qc7 22. d4 cxd4 23. Qxd4 Re6 24. Rc3 c5 25. Qd5 Rfe8 26. Rd3 Nf8 27. Nd6 Qe7 28. Nxe8+ Qxe8 29. b3 g5 30. Rf3 f4 31. Rd1 Ng6 32. Qd7+ Qxd7 33. Rxd7+ Kh6 34. Rd6 Rxe5 35. Rxb6 Re2 36. Rf2 Re1+ 37. Kh2 Kh5 38. Rb5 Nh4 39. Rxc5 Kg6 40. Rxa5 Nf5 41. Rxf5 Kxf5 42. Rd2 h5 43. g3 f3 44. a5 Ke4 45. c4 Ke3 46. Ra2 Re2+ 0-1


[Site "https://www.chess.com"]

[Event "Titled Tuesday Blitz November 07 Late 2023"]
[White "Chigaev, Maksim"]
[Black "Awoki, Daniel Teidi"]
[WhiteFideId "4108116"]
[BlackFideId "2100827"]
[WhiteElo "2874"]
[BlackElo "2345"]
[Result "1-0"]
[Round "10"]
[TimeControl "180+1"]
[Date "2023.11.07"]
[WhiteClock "0:00:55"]
[BlackClock "0:00:00"]
[Board "36"]

1. Nf3 d5 2. c4 e6 3. g3 Nf6 4. Bg2 Be7 5. O-O O-O 6. b3 b6 7. d4 Bb7 8. Bb2 Nbd7 9. Nc3 dxc4 10. bxc4 c5 11. d5 exd5 12. cxd5 Bd6 13. Nd2 a6 14. a4 Re8 15. Nc4 Ne5 16. Nxd6 Qxd6 17. e4 Nc4 18. Bc1 Qd7 19. Rb1 b5 20. axb5 axb5 21. Rxb5 Nxe4 22. Rxb7 Qxb7 23. Nxe4 Qb6 24. d6 Rad8 25. Bg5 f6 26. Qd5+ Kh8 27. Qxc4 fxg5 28. Nxg5 Rd7 29. Nf7+ Rxf7 30. Qxf7 Rd8 31. Re1 h6 32. d7 1-0


[Site "https://www.chess.com"]

[Event "Titled Tuesday Blitz November 07 Late 2023"]
[White "Santos Flores, Alberto"]
[Black "Mekhitarian, Krikor Sevag"]
[WhiteFideId "3601234"]
[BlackFideId "2107660"]
[WhiteElo "2547"]
[BlackElo "2737"]
[Result "0-1"]
[Round "10"]
[TimeControl "180+1"]
[Date "2023.11.07"]
[WhiteClock "0:00:10"]
[BlackClock "0:01:06"]
[Board "37"]

1. e4 e6 2. d4 d5 3. Nc3 Nf6 4. e5 Nfd7 5. Nce2 c5 6. c3 Nc6 7. Nf3 Be7 8. a3 Qa5 9. Nf4 Nxd4 10. Nxd4 cxd4 11. b4 Qc7 12. cxd4 Qc3+ 13. Qd2 Qxa1 14. Bd3 a5 15. O-O axb4 16. Bb2 Qa2 17. axb4 Qb3 18. Rb1 Ra2 19. Qc1 O-O 20. Bc3 Qa3 21. Qe1 Rd8 22. Nh5 g6 23. Nf4 Nf8 24. h4 Bd7 25. Bd2 Bxh4 26. Qe3 Bg5 27. f3 Rxd2 28. Qxd2 Bxf4 0-1


[Site "https://www.chess.com"]

[Event "Titled Tuesday Blitz November 07 Late 2023"]
[White "a-z30"]
[Black "Goltsev, Dmitry"]
[BlackFideId "24176710"]
[WhiteElo "2540"]
[BlackElo "2730"]
[Result "0-1"]
[Round "10"]
[TimeControl "180+1"]
[Date "2023.11.07"]
[WhiteClock "0:00:00"]
[BlackClock "0:01:23"]
[Board "38"]

1. d3 d5 2. Nf3 Nf6 3. g3 c5 4. Bg2 Nc6 5. O-O e5 6. c4 d4 7. e3 Bd6 8. exd4 exd4 9. Re1+ Be7 10. Bg5 O-O 11. Nbd2 h6 12. Bxf6 Bxf6 13. Qb3 Qb6 14. a3 Bf5 15. Qc2 Rfe8 16. Rxe8+ Rxe8 17. Re1 Rxe1+ 18. Nxe1 Qc7 19. Ne4 Be7 20. Nf3 Bxe4 21. dxe4 Bf6 22. Ne1 Ne5 23. Nd3 Qa5 24. Nxe5 Qe1+ 25. Bf1 Bxe5 26. Kg2 g5 27. Qe2 Qb1 28. f4 gxf4 29. Qg4+ Kf8 30. Qc8+ Ke7 31. Qxc5+ Kf6 32. gxf4 Qxe4+ 33. Kg1 Qxf4 34. Bg2 d3 35. Qd5 Bd4+ 0-1


[Site "https://www.chess.com"]

[Event "Titled Tuesday Blitz November 07 Late 2023"]
[White "Rosen, Eric"]
[Black "Wartiovaara, Oliver"]
[WhiteFideId "2032562"]
[BlackFideId "513024"]
[WhiteElo "2716"]
[BlackElo "2539"]
[Result "0-1"]
[Round "10"]
[TimeControl "180+1"]
[Date "2023.11.07"]
[WhiteClock "0:00:00"]
[BlackClock "0:00:27"]
[Board "39"]

1. e4 c5 2. Nc3 d6 3. f4 g6 4. Nf3 Bg7 5. Bc4 Nc6 6. O-O e6 7. d4 cxd4 8. Nb5 Nge7 9. Bb3 O-O 10. Nbxd4 a6 11. c3 b5 12. Kh1 Bb7 13. Qe2 b4 14. Bd2 bxc3 15. Bxc3 Nxd4 16. Nxd4 d5 17. f5 e5 18. f6 Bxf6 19. Rxf6 exd4 20. Bxd4 Nc6 21. Rxc6 Bxc6 22. exd5 Bb5 23. Qe5 f6 24. d6+ Kg7 25. Qg3 Qd7 26. a4 Bc6 27. Rf1 Rae8 28. Qf4 Qf5 29. Qc1 Qe4 30. Qd2 Qe2 31. Qxe2 Rxe2 0-1


[Site "https://www.chess.com"]

[Event "Titled Tuesday Blitz November 07 Late 2023"]
[White "Kochiev, Ivan"]
[Black "Annaberdiyev, Meylis"]
[WhiteFideId "2917890"]
[BlackFideId "14000563"]
[WhiteElo "2527"]
[BlackElo "2682"]
[Result "1/2-1/2"]
[Round "10"]
[TimeControl "180+1"]
[Date "2023.11.07"]
[WhiteClock "0:00:05"]
[BlackClock "0:00:06"]
[Board "40"]

1. e4 c5 2. Nf3 Nc6 3. d4 cxd4 4. Nxd4 e5 5. Nb5 d6 6. c4 Be6 7. N1c3 a6 8. Na3 g6 9. Be3 Bg7 10. Be2 Nf6 11. O-O O-O 12. Qd2 Nd4 13. f3 Rc8 14. b3 b5 15. Nd5 Nxd5 16. cxd5 Bd7 17. Rac1 Nxe2+ 18. Qxe2 Qa5 19. Qb2 f5 20. Rxc8 Rxc8 21. Rc1 fxe4 22. fxe4 Bf6 23. Rxc8+ Bxc8 24. Bd2 Qb6+ 25. Kf1 Bh4 26. Bh6 Qc5 27. Qc2 Be7 28. Be3 Qxe3 29. Qxc8+ Kg7 30. Qe6 Qf4+ 31. Kg1 Bg5 32. Qd7+ Kh6 33. Qh3+ Bh4 34. g3 Qe3+ 35. Kf1 Qc1+ 36. Kg2 Qb2+ 37. Kf3 Qxa3 38. Qxh4+ Kg7 39. Qe7+ Kh6 40. Qh4+ Kg7 41. Qe7+ Kg8 42. Qe8+ Kg7 43. Qe7+ 1/2-1/2


[Site "https://www.chess.com"]

[Event "Titled Tuesday Blitz November 07 Late 2023"]
[White "Rangel, Daniel"]
[Black "Giroyan, Gary"]
[WhiteFideId "2124475"]
[BlackFideId "680281"]
[WhiteElo "2522"]
[BlackElo "2677"]
[Result "1-0"]
[Round "10"]
[TimeControl "180+1"]
[Date "2023.11.07"]
[WhiteClock "0:02:44"]
[BlackClock "0:02:01"]
[Board "41"]

1. c4 Nf6 2. g3 g6 3. Bg2 Bg7 4. Nc3 O-O 5. e4 d6 6. Nge2 c5 7. O-O Nc6 8. d3 a6 9. Be3 Rb8 10. d4 cxd4 11. Nxd4 Bd7 12. b3 Qa5 13. Nd5 Rfc8 14. Nxc6 bxc6 15. Nxe7+ Kf8 16. Nxc8 Rxc8 17. Qxd6+ Kg8 18. e5 1-0


[Site "https://www.chess.com"]

[Event "Titled Tuesday Blitz November 07 Late 2023"]
[White "Kavutskiy, Konstantin"]
[Black "Nilsen, Tobias Lang"]
[WhiteFideId "2026384"]
[BlackFideId "1521624"]
[WhiteElo "2666"]
[BlackElo "2514"]
[Result "1/2-1/2"]
[Round "10"]
[TimeControl "180+1"]
[Date "2023.11.07"]
[WhiteClock "0:00:23"]
[BlackClock "0:00:06"]
[Board "42"]

1. Nf3 d5 2. e3 Nf6 3. c4 e6 4. b3 c5 5. cxd5 exd5 6. Nc3 Nc6 7. Bb5 Be7 8. O-O O-O 9. d4 Ne4 10. Bb2 Bf6 11. Rc1 cxd4 12. Nxe4 dxe4 13. Nxd4 Nxd4 14. Bxd4 Bxd4 15. Qxd4 Qxd4 16. exd4 Rd8 17. Rfd1 Bg4 18. Rd2 Rac8 19. Rxc8 Rxc8 20. h3 Bf5 21. g4 Bg6 22. Bc4 Kf8 23. Kg2 Ke7 24. Kg3 Kd6 25. Kf4 a6 26. a4 f6 27. a5 Rc7 28. Ra2 Re7 29. h4 Be8 30. Re2 Bc6 31. h5 g5+ 32. hxg6 hxg6 33. g5 fxg5+ 34. Kxg5 Be8 35. Re3 Bf7 36. Kf6 Be8 37. Rh3 Bd7 38. Rg3 Bf5 39. Rg1 Rh7 40. Rg2 Rh1 41. Bf7 Rf1 42. Bxg6 Bxg6 43. Kxg6 Kd5 44. Kg5 Kxd4 45. Kg4 Kd3 46. Kg3 Ke2 47. Rh2 Kd3 48. Rh7 Rg1+ 49. Kh2 Rf1 50. Kg2 Rb1 51. Rxb7 Rb2 52. b4 e3 53. Rd7+ Kc4 54. Rc7+ Kb5 55. Rb7+ Ka4 56. Kf1 Rxf2+ 57. Ke1 Rb2 58. Rb6 Rxb4 59. Rxa6 Rb5 60. Ke2 Rxa5 61. Rxa5+ Kxa5 62. Kxe3 1/2-1/2


[Site "https://www.chess.com"]

[Event "Titled Tuesday Blitz November 07 Late 2023"]
[White "reevecanada"]
[Black "Bilan, Danila"]
[BlackFideId "24161918"]
[WhiteElo "2642"]
[BlackElo "2512"]
[Result "0-1"]
[Round "10"]
[TimeControl "180+1"]
[Date "2023.11.07"]
[WhiteClock "0:02:38"]
[BlackClock "0:01:33"]
[Board "43"]

1. e4 c6 2. c4 d5 3. cxd5 cxd5 4. exd5 a6 5. Nc3 Nf6 6. Qf3 g6 7. h3 Bg7 8. Bc4 O-O 9. Nge2 b5 10. d6 Ra7 11. dxe7 Rxe7 12. Bb3 Bb7 13. Qg3 Nh5 14. Qh2 Be5 15. g3 Bxh1 16. Qxh1 Bxc3 17. dxc3 Rfe8 18. Be3 Rxe3 19. fxe3 Rxe3 20. Kf2 Rxe2+ 21. Kxe2 Nxg3+ 22. Kf2 Nxh1+ 23. Rxh1 Qd2+ 24. Kg3 Nc6 25. Rf1 Ne5 26. Rd1 Qe3+ 27. Kg2 Qf3+ 28. Kg1 Qxh3 29. Kf2 Ng4+ 30. Ke2 Qe3+ 31. Kf1 Qf2# 0-1


[Site "https://www.chess.com"]

[Event "Titled Tuesday Blitz November 07 Late 2023"]
[White "Seemann, Jakub"]
[Black "Sreyas Payyappat"]
[WhiteFideId "21874697"]
[BlackFideId "46674969"]
[WhiteElo "2638"]
[BlackElo "2510"]
[Result "1-0"]
[Round "10"]
[TimeControl "180+1"]
[Date "2023.11.07"]
[WhiteClock "0:01:40"]
[BlackClock "0:01:09"]
[Board "44"]

1. Nf3 Nf6 2. g3 c5 3. Bg2 g6 4. O-O Bg7 5. b3 O-O 6. Bb2 Nc6 7. c4 b6 8. d4 Bb7 9. d5 Nb8 10. Nbd2 d6 11. e4 Nbd7 12. Re1 e5 13. Qc2 Nh5 14. Rad1 f5 15. exf5 gxf5 16. Nf1 f4 17. Nh4 Qg5 18. Nd2 fxg3 19. hxg3 Rxf2 20. Kxf2 Qxg3+ 21. Kg1 Qxh4 22. Ne4 Rf8 23. Nxd6 Ndf6 24. Nf5 Qg5 25. Nxg7 Kxg7 26. Rxe5 Qg4 27. Re7+ Kg8 28. Rxb7 Ng3 29. Re1 Nfh5 30. Qxh7# 1-0


[Site "https://www.chess.com"]

[Event "Titled Tuesday Blitz November 07 Late 2023"]
[White "Tokhirjonova, Gulrukhbegim"]
[Black "Czerw, Dawid"]
[WhiteFideId "14203626"]
[BlackFideId "1145746"]
[WhiteElo "2636"]
[BlackElo "2509"]
[Result "1-0"]
[Round "10"]
[TimeControl "180+1"]
[Date "2023.11.07"]
[WhiteClock "0:00:44"]
[BlackClock "0:01:33"]
[Board "45"]

1. e4 c5 2. Nf3 g6 3. Nc3 Bg7 4. Bc4 Nc6 5. O-O e6 6. Re1 Nge7 7. a4 O-O 8. Bf1 d5 9. exd5 exd5 10. h3 h6 11. d3 Be6 12. Bf4 b6 13. Qd2 Kh7 14. Rab1 Qd7 15. Nb5 Rac8 16. c3 Nf5 17. g4 Nfe7 18. d4 Na5 19. Nd6 Rc6 20. Bb5 g5 21. Bg3 Nb3 22. Qc2+ Ng6 23. Qxb3 Bxg4 24. hxg4 Qxg4 25. Nh2 Qh3 26. Bxc6 f5 27. Bxd5 f4 28. Bg2 Qh5 29. Bf3 Qh3 30. Bg4 1-0


[Site "https://www.chess.com"]

[Event "Titled Tuesday Blitz November 07 Late 2023"]
[White "Shuvalova, Polina"]
[Black "Cristi_Coca"]
[WhiteFideId "24171760"]
[WhiteElo "2631"]
[BlackElo "2497"]
[Result "1-0"]
[Round "10"]
[TimeControl "180+1"]
[Date "2023.11.07"]
[WhiteClock "0:02:11"]
[BlackClock "0:01:57"]
[Board "46"]

1. e4 c5 2. Nf3 e6 3. c3 d5 4. exd5 exd5 5. d4 Nf6 6. Bb5+ Nc6 7. O-O Bd6 8. Re1+ Be6 9. dxc5 Bxc5 10. Be3 Bxe3 11. Rxe3 O-O 12. Nbd2 d4 13. cxd4 Nxd4 14. Nxd4 Qxd4 15. Nf3 Qxb2 16. Bf1 Rfd8 17. Qe1 b6 18. h3 h6 19. a4 Rac8 20. a5 Rc5 21. axb6 axb6 22. Rb1 Qa3 23. Rxa3 1-0


[Site "https://www.chess.com"]

[Event "Titled Tuesday Blitz November 07 Late 2023"]
[White "Sargsyan, Anna M."]
[Black "Willy, Stephen"]
[WhiteFideId "13308130"]
[BlackFideId "30981468"]
[WhiteElo "2605"]
[BlackElo "2495"]
[Result "1-0"]
[Round "10"]
[TimeControl "180+1"]
[Date "2023.11.07"]
[WhiteClock "0:01:06"]
[BlackClock "0:01:18"]
[Board "47"]

1. e4 d5 2. exd5 Nf6 3. Nf3 Bg4 4. h3 Bh5 5. d4 Qxd5 6. Be2 e6 7. O-O Nc6 8. Nc3 Qd8 9. Re1 Bd6 10. Bg5 h6 11. Be3 Ne7 12. Ne5 Bxe2 13. Qxe2 Ned5 14. Nc4 Bb4 15. Bd2 O-O 16. Rad1 Bxc3 17. bxc3 c5 18. Ne5 Qc7 19. c4 Ne7 20. c3 Rfd8 21. Bf4 Qa5 22. Nxf7 Kxf7 23. Qxe6+ Kg6 24. Qxe7 Qxc3 25. Re3 Rd7 26. Qxc5 Qc2 27. Rde1 Re8 28. Rxe8 Nxe8 29. Rxe8 Qd1+ 30. Kh2 Rxd4 31. Re6+ Kf7 32. Qf5+ Kg8 33. Re8# 1-0


[Site "https://www.chess.com"]

[Event "Titled Tuesday Blitz November 07 Late 2023"]
[White "Estrada Nieto, Julian"]
[Black "Pinheiro, Iung Alicio de O."]
[WhiteFideId "5101018"]
[BlackFideId "2104350"]
[WhiteElo "2452"]
[BlackElo "2594"]
[Result "1-0"]
[Round "10"]
[TimeControl "180+1"]
[Date "2023.11.07"]
[WhiteClock "0:00:06"]
[BlackClock "0:00:00"]
[Board "48"]

1. e4 c5 2. Nf3 Nc6 3. Bb5 e6 4. O-O Nge7 5. Re1 Nd4 6. Nxd4 cxd4 7. d3 a6 8. Ba4 b5 9. Bb3 Nc6 10. Nd2 Bd6 11. Qh5 Qc7 12. Nf3 Ne5 13. Nxe5 Bxe5 14. Qh4 h6 15. f4 g5 16. fxg5 hxg5 17. Qxg5 Bxh2+ 18. Kf1 Bg3 19. Bd2 Bb7 20. Ke2 Bxe1 21. Bxe1 Qd8 22. Qg7 Rf8 23. Qxd4 Qg5 24. Qd6 Qxg2+ 25. Kd1 Qf3+ 26. Kc1 Rg8 27. a4 Rg1 28. Kd2 Rg2+ 29. Kc3 Rc8+ 30. Kb4 Qf6 31. e5 Qf4+ 32. Ka5 Rg5 33. Bb4 1-0


[Site "https://www.chess.com"]

[Event "Titled Tuesday Blitz November 07 Late 2023"]
[White "Makaraci, Tunahan"]
[Black "Shapiro, Viktor"]
[WhiteFideId "6356559"]
[BlackFideId "4175700"]
[WhiteElo "2451"]
[BlackElo "2590"]
[Result "1-0"]
[Round "10"]
[TimeControl "180+1"]
[Date "2023.11.07"]
[WhiteClock "0:01:28"]
[BlackClock "0:00:17"]
[Board "49"]

1. e4 Nf6 2. e5 Nd5 3. d4 d6 4. c4 Nb6 5. f4 dxe5 6. fxe5 c5 7. d5 g6 8. Nc3 Bg7 9. Bf4 O-O 10. Nf3 Bg4 11. h3 Bxf3 12. Qxf3 e6 13. O-O-O exd5 14. cxd5 N8d7 15. Qg3 Re8 16. Bb5 Bxe5 17. Bxe5 Rxe5 18. Bxd7 Nxd7 19. Rhe1 Qg5+ 20. Qxg5 Rxg5 21. Re7 Rd8 22. Ne4 Rxg2 23. Rxd7 Rxd7 24. Nf6+ Kf8 25. Nxd7+ Ke7 26. Nxc5 Rg5 27. d6+ Kd8 28. Nxb7+ Kd7 29. Re1 Kc6 30. Re7 Rd5 31. b4 h5 32. a4 a6 33. a5 g5 34. Rc7+ Kb5 35. Rc5+ Rxc5+ 36. Nxc5 Kc6 37. d7 Kc7 38. Kd2 f5 39. Ke3 g4 40. hxg4 fxg4 41. Kf4 Kd8 42. Nxa6 Kxd7 43. Nc5+ Kc6 44. Ne4 Kb5 45. Nf6 g3 46. Kxg3 Kxb4 47. a6 1-0


[Site "https://www.chess.com"]

[Event "Titled Tuesday Blitz November 07 Late 2023"]
[White "Arnold, Ken"]
[Black "Gimenez Aguirre, Alejo Ismael"]
[WhiteFideId "2056836"]
[BlackFideId "32041667"]
[WhiteElo "2438"]
[BlackElo "2579"]
[Result "0-1"]
[Round "10"]
[TimeControl "180+1"]
[Date "2023.11.07"]
[WhiteClock "0:00:07"]
[BlackClock "0:01:14"]
[Board "50"]

1. d4 Nf6 2. Nf3 e6 3. g3 b5 4. Bg2 Bb7 5. O-O a6 6. a4 b4 7. b3 c5 8. Bb2 Nc6 9. Nbd2 d5 10. dxc5 Bxc5 11. Ne5 O-O 12. Nxc6 Bxc6 13. e3 a5 14. Qe2 Bb7 15. Rfd1 Qe7 16. e4 d4 17. Nc4 e5 18. Bc1 Ne8 19. Qe1 Nd6 20. Nxd6 Bxd6 21. Bf1 Rfc8 22. Bd3 Ba6 23. Bd2 Qe6 24. Qe2 Bxd3 25. Qxd3 Rc5 26. Kg2 Rac8 27. Ra2 h5 28. h4 Be7 29. Rf1 Qc6 30. Rc1 f5 31. f3 fxe4 32. fxe4 Qg6 33. Rf1 Rf8 34. Rxf8+ Bxf8 35. Ra1 Be7 36. Kh2 Qc6 37. Rc1 g6 38. Kg2 Kg7 39. Be1 Qc8 40. Qe2 Kh7 41. Kh2 Bf8 42. Kg2 Bh6 43. Bd2 Rxc2 44. Qf2 Rxc1 45. Qf7+ Bg7 46. Bxc1 Qc2+ 47. Qf2 Qxc1 0-1


[Site "https://www.chess.com"]

[Event "Titled Tuesday Blitz November 07 Late 2023"]
[White "Dwilewicz, Katarzyna"]
[Black "Jaskolka, Tomasz"]
[WhiteFideId "1148486"]
[BlackFideId "1170791"]
[WhiteElo "2378"]
[BlackElo "2578"]
[Result "0-1"]
[Round "10"]
[TimeControl "180+1"]
[Date "2023.11.07"]
[WhiteClock "0:00:01"]
[BlackClock "0:01:14"]
[Board "51"]

1. e4 d5 2. exd5 Nf6 3. Bb5+ Nbd7 4. Nc3 a6 5. Bxd7+ Qxd7 6. Qf3 b5 7. d6 Ra7 8. dxc7 Rxc7 9. a3 Bb7 10. Qg3 Nh5 11. Qg5 h6 12. Qxh5 Bxg2 13. d3 Bxh1 14. Bf4 Rc6 15. O-O-O g6 16. Qe5 Rg8 17. Nge2 Bf3 18. Re1 Bg7 19. Qb8+ Rc8 20. Qb6 Bxe2 21. Rxe2 Bxc3 22. bxc3 g5 23. Bd6 Rg6 24. Qd4 Qxd6 25. Qh8+ Kd7 26. Qh7 Qxa3+ 27. Kd1 Qa1+ 0-1


[Site "https://www.chess.com"]